 Dungeon Crawl Stone Soup version 0.28-a0-1613-gdaab1c2f9b (webtiles) character file.

Game seed: 18296425462091363610

436 issech the Cudgeller (level 6, -5/61 HPs)
             Began as a Troll Fighter on Jan 22, 2022.
             Killed by divine providence
             ... invoked by an orc priest
              (12 damage)
             ... on level 4 of the Dungeon.
             The game lasted 00:11:30 (2960 turns).

issech the Cudgeller (Troll Fighter)                Turns: 2960, Time: 00:11:32

Health: -5/61      AC:  5    Str: 25    XL:     6   Next: 69%
Magic:  5/5        EV:  9    Int:  4    God:
Gold:   81         SH:  8    Dex: 11    Spells: 5/5 levels left

rFire   . . .      SeeInvis .   y - +1 flail (protect)
rCold   . . .      Faith    .   c - +0 kite shield
rNeg    . . .      Spirit   .   b - +0 robe
rPois   .          Reflect  .   (helmet restricted)
rElec   .          Harm     .   r - +0 cloak
rCorr   +          Rampage  .   (gloves unavailable)
Will    .....                   (boots unavailable)
Stlth   +.........              (no amulet)
HPRegen 1.00/turn               g - ring of wizardry
MPRegen 0.09/turn               q - ring of resist corrosion

@: no status effects
A: large, unfitting armour, claws 3, regeneration 1, shaggy fur 1, tough skin 1
a: no special abilities


You were on level 4 of the Dungeon.
You visited 1 branch of the dungeon, and saw 4 of its levels.

You collected 81 gold pieces.

Inventory:

Hand Weapons
 a - a +0 flail
 n - a +0 mace
 t - a +1 hand axe of freezing
 u - a +0 whip
 w - a +0 giant spiked club
 y - a +1 flail of protection (weapon)
Missiles
 f - 44 arrows
 j - 77 stones
 l - 4 boomerangs (quivered)
Armour
 b - a +0 robe (worn)
 c - a +0 kite shield (worn)
 r - a +0 cloak (worn)
Jewellery
 g - a ring of wizardry (left claw)
 q - a ring of resist corrosion (right claw)
Scrolls
 h - a scroll of blinking {unknown}
 i - a scroll of fear {unknown}
 o - a scroll of teleportation {unknown}
 s - 2 scrolls of identify {unknown}
Potions
 d - a potion of might
 e - a potion of degeneration {unknown}
 k - 2 potions of haste {unknown}
 m - 2 potions of attraction {unknown}
 p - a potion of brilliance {unknown}
 v - a potion of curing {unknown}
 x - a potion of resistance {unknown}


   Skills:
 + Level 3.5 Fighting
 + Level 4.2 Maces & Flails
 + Level 3.6 Dodging
 + Level 0.2 Stealth
 + Level 3.5 Shields


You had 5 spell levels left.
You didn't know any spells.
Your spell library contained the following spells:

 Spells                   Type           Power      Damage    Failure   Level
 Ensorcelled Hibernation  Hex/Ice        0%         N/A       58%         2
 Gell's Gravitas          Tloc           0%         N/A       82%         3
 Lesser Beckoning         Tloc           0%         N/A       82%         3
 Spider Form              Tmut/Pois      0%         N/A       82%         3
 Teleport Other           Tloc           0%         N/A       82%         3
 Anguish                  Hex/Necr       0%         N/A       99%         4


Dungeon Overview and Level Annotations

Branches:
Dungeon (4/15)
 Temple: D:4-7

Altars:

Shops:
D:1 *


Innate Abilities, Weirdness & Mutations

You are too large for most types of armour.
You have claws for hands.
Your natural rate of healing is unusually fast.
You are covered in fur. (AC +1)
You have tough skin. (AC +1)


Message History

You bump into the rock wall.
The orc priest calls down the wrath of Beogh upon you.
Pain shoots through your body! Something hits you but does no damage.
You closely miss something.
You feel less confused. You block something's attack.
Something hits you but does no damage.
The orc priest hits you but does no damage.
You barely miss something. Something hits you.
You hit something but do no damage.
Your weapon exudes an aura of protection.
The orc throws a boomerang.
The boomerang barely misses you. Something hits you but does no damage.
You block the orc priest's attack.
You closely miss something. Something hits you.
The orc priest hits you but does no damage.
The orc hits you with a +0 flail! Something hits you but does no damage.
The orc priest hits you but does no damage.
You barely miss something. The orc closely misses you.
Something hits you but does no damage.
The orc priest miscasts a cantrip.
You closely miss something. The orc hits you with a +0 flail!
Something hits you. You block the orc priest's attack.
You miss something. The orc hits you with a +0 flail!
You block something's attack.
The orc priest calls down the wrath of Beogh upon you.
Beogh smites you!
* * * LOW HITPOINT WARNING * * *
The orc completely misses you. Something hits you but does no damage.
You closely miss something. The orc priest completely misses you.
You block the orc's attack. You block something's attack.
The orc priest invokes the aid of Beogh against you.
Beogh smites you!
* * * LOW HITPOINT WARNING * * *
Unknown command.
You miss something. The orc hits you with a +0 flail.
* * * LOW HITPOINT WARNING * * *
Something hits you.
* * * LOW HITPOINT WARNING * * *
The orc priest mumbles some strange prayers to Beogh against you.
Beogh smites you!
You die...

##########.### ## #.#
#.# #.# #.. #.# #.# #.#
#.# #.# #.# #.# #.# #.#
#o# ######.###o######
#######........{@o....#
........#############.#
#########


You could see an orc priest and 2 orcs.

Vanquished Creatures
  Edmund (D:4)
  An ogre (D:3)
  A hound (D:3)
  An orc priest (D:3)
  A bullfrog skeleton (D:4)
  An orc wizard (D:3)
  2 adders (D:2)
  3 dart slugs
  12 orcs
  10 ball pythons
  7 bats
  8 endoplasms
  5 giant cockroaches
  A goblin (D:1)
  7 hobgoblins
  4 jackals (D:2)
  4 kobolds
  3 quokkas
  3 frilled lizards
  9 rats
84 creatures vanquished.

Notes
Turn   | Place    | Note
-------+----------+-------------------------------------------
     0 | D:1      | issech the Troll Fighter began the quest for the Orb.
     0 | D:1      | Reached XP level 1. HP: 22/22 MP: 0/0
   113 | D:1      | Reached XP level 2. HP: 29/29 MP: 1/1
   357 | D:1      | Found Xagumi's General Store.
   446 | D:1      | Reached skill level 2 in Maces & Flails
   739 | D:2      | Reached XP level 3. HP: 31/36 MP: 2/2
  1083 | D:2      | Reached XP level 4. HP: 45/45 MP: 3/3
  1683 | D:3      | Found a faded altar of an unknown god.
  1800 | D:3      | Reached skill level 3 in Maces & Flails
  1896 | D:3      | Reached XP level 5. HP: 24/53 MP: 4/4
  2553 | D:4      | Noticed an ogre
  2592 | D:3      | Killed an ogre
  2593 | D:3      | Reached XP level 6. HP: 44/61 MP: 5/5
  2699 | D:4      | Noticed Edmund
  2865 | D:4      | Killed Edmund
  2866 | D:4      | Reached skill level 4 in Maces & Flails
  2960 | D:4      | Killed from afar by an orc priest

Illustrated notes

Levels and vault maps discovered:
D:1:      onia_arrival_mini_spirals, layout_rooms, serial_shops,
          nicolae_shop_stone, hex_large
D:2:      layout_rooms, lightli_corner_chamber
D:3:      layout_loops_corners, hellmonk_ecumenical_altar_crossroads
D:4:      layout_loops_ring, amcnicky_mini_pool_small, uniq_edmund,
          uniq_crazy_yiuf_cottage, uniq_natasha

Skill      XL: |  1  2  3  4  5  6 |
---------------+-------------------+-----
Maces & Flails | 2 3 4 |  4.2
Fighting       | 3 |  3.5
Dodging        | 3 |  3.6
Shields        | 3 |  3.5
Stealth        | |  0.2

Action                   |  1- 3 |  4- 6 || total
-------------------------+-------+-------++-------
Melee: Flail             |   161 |   119 ||   280
       Mace              |       |   102 ||   102
Armor: Robe              |    71 |    80 ||   151
Dodge: Dodged            |    76 |    89 ||   165
Block: Kite shield       |   109 |   101 ||   210

Table legend: (Time is in decaauts)
 A = Elapsed time spent in this place.
 B = Non-inter-level travel time spent in this place.
 C = Inter-level travel time spent in this place.
 D = Time resting spent in this place.
 E = Time spent auto-exploring this place.
 F = Levels seen in this place.
 G = Mean time per level.
                   A        B        C        D        E       F      G
               +--------+--------+--------+--------+--------+-----+--------+
         Total |   3110 |   3083 |     27 |     24 |   1150 |   4 |  777.5 |
       Dungeon |   3110 |   3083 |     27 |     24 |   1150 |   4 |  777.5 |
               +--------+--------+--------+--------+--------+-----+--------+

Top non-repeatable levels by time:
     D:3: 1177 daAuts
     D:1: 757 daAuts
     D:2: 743 daAuts
     D:4: 431 daAuts
